 Dungeon Crawl Stone Soup version 0.29.1-2-gbd0b4ee654 (webtiles) character file.

Game seed: 6140836019441660878

495 Zeld the Conjurer (level 6, -5/41 HPs)
             Began as a Demonspawn Conjurer on Oct 28, 2022.
             Slain by a wraith (8 damage)
             ... in an ossuary.
             The game lasted 00:07:56 (6163 turns).

Zeld the Conjurer (Demonspawn Conjurer)             Turns: 6163, Time: 00:07:57

Health: -5/41      AC:  3    Str: 10    XL:     6   Next: 92%
Magic:  9/12       EV: 13    Int: 21    God:
Gold:   237        SH:  0    Dex: 14    Spells: 3/14 levels left

rFire   . . .      SeeInvis .   u - +3 dagger "Death Rattle" {vorpal, Will+ Str+2 Dex+3}
rCold   . . .      Faith    .   (no shield)
rNeg    . . .      Spirit   .   a - +0 robe
rPois   .          Reflect  .   (no helmet)
rElec   .          Harm     .   (no cloak)
rCorr   .          Rampage  .   (no gloves)
Will    +....                   l - +0 pair of boots
Stlth   ++........              (no amulet)
HPRegen 0.13/turn               (no ring)
MPRegen 0.13/turn               (no ring)

@: slowed, very slow
A: demonic touch 2
a: no special abilities


You were in an ossuary.
You visited 1 branch of the dungeon, and saw 5 of its levels.
You also visited: Ossuary.

You collected 237 gold pieces.

Inventory:

Hand Weapons
 u - the +3 dagger "Death Rattle" (weapon) {vorpal, Will+ Str+2 Dex+3}
   (You found it on level 5 of the Dungeon)

   It inflicts extra damage upon your enemies.
   Str:       It affects your strength (+2).
   Dex:       It affects your dexterity (+3).
   Will:      It increases your willpower.
Armour
 a - a +0 robe (worn)
 l - a +0 pair of boots (worn)
Wands
 m - a wand of quicksilver (11)
Scrolls
 c - 3 scrolls of blinking {unknown}
 d - 3 scrolls of fog {unknown}
 f - 4 scrolls of identify {unknown}
 g - 2 scrolls of enchant weapon {unknown}
 j - a scroll of poison {unknown}
 k - a scroll of noise {unknown}
 n - a scroll of teleportation {unknown}
 p - a scroll of silence {unknown}
 r - a scroll of magic mapping {unknown}
 s - 3 scrolls of enchant armour {unknown}
 t - 2 scrolls of fear {unknown}
 y - a scroll of vulnerability {unknown}
Potions
 e - 2 potions of flight {unknown}
 h - 2 potions of heal wounds {unknown}
 i - 3 potions of curing
 o - a potion of lignification {unknown}
 q - a potion of degeneration {unknown}
 v - a potion of cancellation {unknown}
 w - a potion of resistance {unknown}
 x - 2 potions of brilliance {unknown}


   Skills:
 + Level 3.3 Dodging
 + Level 3.6 Stealth
 * Level 4.6 Spellcasting
 + Level 5.1 Conjurations
 + Level 0.0 Hexes
 + Level 0.0 Translocations


You had 3 spell levels left.
You knew the following spells:

 Your Spells              Type           Power      Damage    Failure   Level
a - Magic Dart            Conj           100%       1d8       1%          1
b - Searing Ray           Conj           52%        2d6       1%          2
c - Fulminant Prism       Conj/Hex       7%         3d7       36%         4
d - Iskenderun's Mystic   Conj/Tloc      15%        2d5       36%         4

Your spell library contained the following spells:

 Spells                   Type           Power      Damage    Failure   Level
 Beastly Appendage        Tmut           8%         N/A       12%         1
 Dazzling Flash           Conj/Hex       30%        N/A       12%         3
 Wereblood                Tmut           4%         N/A       17%         2
 Spider Form              Tmut/Pois      4%         N/A       34%         3
 Animate Dead             Necr           4%         N/A       75%         4
 Starburst                Conj/Fire      7%         6d4       99%         6
 Haunt                    Necr/Summ      2%         N/A       100%        7
 Infestation              Necr           2%         N/A       100%        8


Dungeon Overview and Level Annotations

Branches:
Dungeon (5/15)            Ossuary (1/1)
 Temple: D:4-7

Altars:
Trog
Wu Jian


Innate Abilities, Weirdness & Mutations

Your touch may inflict irresistible damage on your foes.


Message History

The wraith attacks as you move away! The wraith hits you!
* * * LOW HITPOINT WARNING * * *
The wraith drains your vigour!
You feel yourself slow down.
Casting: Iskenderun's Mystic Blast (extremely dangerous; 36% risk of failure)
Confirm with . or Enter, or press ? or * to list all spells.
Aiming: Searing Ray (safe; 1% risk of failure)
Press: ? - help, Shift-Dir - straight line, f/p - wraith
Aim: a wraith (moderately damaged, 79% to hit)
The searing ray hits the wraith.
The wraith is moderately damaged. (Press . to maintain the ray.)
The wraith hits you but does no damage.
It was a potion of curing.
You feel better. The wraith hits you but does no damage. The wraith hits you.
Magic courses through your body. The wraith completely misses you.
Casting: Searing Ray (safe; 1% risk of failure)
Confirm with . or Enter, or press ? or * to list all spells.
Aiming: Searing Ray (safe; 1% risk of failure)
Press: ? - help, Shift-Dir - straight line, f/p - wraith
Aim: a wraith (moderately damaged, 79% to hit)
The searing ray hits the wraith!
The wraith is heavily damaged. (Press . to maintain the ray.)
The wraith hits you.
* * * LOW HITPOINT WARNING * * *
The wraith drains your vigour!
You feel as though you will be slow longer.
The wraith hits you!
* * * LOW HITPOINT WARNING * * *
Your magical contamination has completely faded away.
Unknown command.
The searing ray hits the wraith.
The wraith is severely damaged.
The wraith closely misses you.
Unknown command.
Unknown command.
The searing ray hits the wraith.
The wraith is almost destroyed.
The wraith misses you. The wraith hits you!
You die...

.∩..................
.......#####'#####
......##.........##
.....##...#####...##
....##...##...##...##
....#...##..?!.##...#
....'...#..??.?.'...+
....#...##.!!..##W..#
....##...##...##@..##
.....##...#####...##
......##.... ....##.
.......#####+#####..
.∩..................
....................
###########'''######
####...####
#..'...'..#


You could see a wraith.

Vanquished Creatures
  An ogre (D:5)
  2 necrophages
  A howler monkey (D:3)
  2 iguanas
  Ijyb (D:5)
  A mummy (Ossuary)
  4 gnolls (D:3)
  2 adders (D:4)
  An ufetubus (D:4)
  2 worms
  A dart slug (D:1)
  7 orcs
  7 ball pythons
  8 endoplasms
  2 giant cockroaches
  8 goblins
  13 hobgoblins
  4 jackals (D:5)
  5 kobolds
  2 bats (D:3)
  A frilled lizard (D:3)
  3 gnoll skeletons (Ossuary)
  A hobgoblin zombie (D:5)
  6 kobold skeletons (Ossuary)
  8 orc skeletons (Ossuary)
  9 rats
102 creatures vanquished.

Notes
Turn   | Place    | Note
-------+----------+-------------------------------------------
     0 | D:1      | Zeld the Demonspawn Conjurer began the quest for the Orb.
     0 | D:1      | Reached XP level 1. HP: 13/13 MP: 3/3
   699 | D:1      | Gained mutation: Your touch may inflict minor irresistible
                  | damage on your foes. [demonic ancestry]
   699 | D:1      | Reached XP level 2. HP: 19/19 MP: 3/5
  1336 | D:1      | Learned a level 2 spell: Searing Ray
  1528 | D:2      | Found an ornate altar of the Wu Jian Council.
  1682 | D:2      | Gained mutation: Your touch may inflict irresistible damage
                  | on your foes. [demonic ancestry]
  1682 | D:2      | Reached XP level 3. HP: 24/24 MP: 3/6
  2398 | D:3      | Reached XP level 4. HP: 30/30 MP: 2/8
  3562 | D:4      | Reached XP level 5. HP: 35/35 MP: 6/10
  4002 | D:4      | Found a bloodstained altar of Trog.
  4324 | D:4      | Reached XP level 6. HP: 22/41 MP: 0/12
  4705 | D:5      | Entered Level 5 of the Dungeon
  4707 | D:5      | Identified the +3 dagger "Death Rattle" {vorpal, Will+
                  | Str+2 Dex+3}
  4759 | D:5      | Noticed Ijyb
  4788 | D:5      | Killed Ijyb
  5210 | D:5      | Reached skill level 5 in Conjurations
  5407 | D:5      | Found a sand-covered staircase.
  5420 | Ossuary  | Entered an ossuary
  5420 | Ossuary  | Noticed a wraith
  5420 | Ossuary  | Noticed a wraith
  5420 | Ossuary  | Noticed a wraith
  5426 | Ossuary  | Learned a level 4 spell: Fulminant Prism
  5431 | Ossuary  | Learned a level 4 spell: Iskenderun's Mystic Blast
  6132 | Ossuary  | Noticed a wraith
  6157 | Ossuary  | HP: 2/41 [wraith (7)]
  6163 | Ossuary  | Slain by a wraith

Illustrated notes

Levels and vault maps discovered:
D:1:      spicycebolla_arrival_xxxplode, layout_basic, hex_intersection
D:2:      layout_basic, basic_altar
D:3:      layout_basic
D:4:      layout_rooms, mainiacjoe_overflow_big_doors, serial_corexii_hall,
          corexii_hall_statues_deadend, corexii_hall_statues_deadend,
          kennysheep_generic_room_10
D:5:      layout_gridville, enter_ossuary_3, uniq_ijyb
Ossuary:  ossuary_due_mausoleum

Skill      XL: |  1  2  3  4  5  6 |
---------------+-------------------+-----
Stealth        | 2 3 |  3.6
Dodging        | 2 3 |  3.3
Spellcasting   | 3 4 |  4.6
Conjurations   | 5 |  5.1

Action                   |  1- 3 |  4- 6 || total
-------------------------+-------+-------++-------
Melee: Unarmed           |     5 |       ||     5
       Dagger            |       |    25 ||    25
       Touch             |       |     7 ||     7
 Cast: Magic Dart        |    71 |    82 ||   153
       Searing Ray       |     2 |    19 ||    21
  Use: Potion            |       |     2 ||     2
 Stab: Sleeping          |       |     1 ||     1
Armor: Robe              |     4 |    19 ||    23
Dodge: Dodged            |    23 |    54 ||    77
